 Dungeon Crawl Stone Soup version 0.27.1-2-g3b301248ec (webtiles) character file.

Game seed: 11073942438021662079

681 Borgoz the Skirmisher (level 7, 0/66 HPs)
             Began as a Gargoyle Berserker on Sept 26, 2021.
             Was a Priest of Trog.
             Slain by a mummy (5 damage)
             ... in an ossuary.
             The game lasted 00:04:38 (2534 turns).

Borgoz the Skirmisher (Gargoyle Berserker)          Turns: 2534, Time: 00:04:39

Health: 0/66       AC: 11    Str: 21    XL:     7   Next: 61%
Magic:  7/7        EV: 12    Int:  7    God:    Trog [***...]
Gold:   132        SH:  0    Dex: 11    Spells: 6/6 levels left

rFire    . . .     SeeInvis .   m - +0 flail (holy)
rCold    . . .     Faith    +   (no shield)
rNeg     + + .     Spirit   .   n - +3 leather armour {rN+}
rPois    ∞         Reflect  .   (no helmet)
rElec    +         Harm     .   (no cloak)
rCorr    .         Rampage  .   (no gloves)
Will     .....                  (no boots)
Stlth    ..........             k - amulet of faith
HPRegen  0.21/turn              (no ring)
MPRegen  0.10/turn              (no ring)

@: berserking, very quick
A: sickness immunity, AC +4, negative energy resistance 1, electricity
resistance, torment resistance 1, petrification resistance
a: Renounce Religion, Berserk, Trog's Hand


You were in an ossuary.
You worshipped Trog.
Trog was most pleased with you.
You visited 1 branch of the dungeon, and saw 5 of its levels.
You also visited: Ossuary.

You collected 132 gold pieces.

Inventory:

Hand Weapons
 m - a +0 flail of holy wrath (weapon)
Armour
 g - a +0 leather armour of willpower
 n - a +3 leather armour of positive energy (worn)
Jewellery
 b - the ring of Yesterday {+Blink rN+ Int+4 Dex-2}
   (You found it on level 5 of the Dungeon)

   [ring of positive energy]

   Int:       It affects your intelligence (+4).
   Dex:       It affects your dexterity (-2).
   rN:        It protects you from negative energy.
   +Blink:    It lets you blink.
 d - an amulet of guardian spirit
 k - an amulet of faith (around neck)
Wands
 c - a wand of acid (3)
Potions
 a - a potion of curing {unknown}
 e - 2 potions of heal wounds {unknown}
 f - 2 potions of berserk rage {unknown}
 h - 2 potions of lignification {unknown}
 i - 2 potions of mutation {unknown}


   Skills:
 + Level 5.5 Fighting
 + Level 5.0 Maces & Flails
 + Level 4.8 Armour
 + Level 3.6 Dodging


You had 6 spell levels left.
You didn't know any spells.
Your spell library was empty.

Dungeon Overview and Level Annotations

Branches:
Dungeon (6/15)            Ossuary (1/1)
 Temple: D:4-7

Altars:
Okawaru


Innate Abilities, Weirdness & Mutations

You are immune to sickness and miasma.
Your stone body is resilient. (AC +4)
You are immune to poison.
You resist negative energy. (rN+)
You are resistant to electric shocks. (rElec)
You are resistant to unholy torment.
You are immune to petrification.


Message History

You hit the kobold zombie.
The kobold zombie convulses.
The kobold zombie is moderately damaged.
The kobold zombie hits you but does no damage.
You barely miss the kobold zombie.
The kobold zombie is moderately damaged.
You sock the mummy!
The mummy convulses.
The mummy is severely damaged.
The mummy hits you but does no damage.
You barely miss the mummy.
The mummy is severely damaged.
The mummy hits you!
You sock the mummy!
You destroy the mummy!
Trog accepts your kill. The kobold zombie closely misses you.
Your Maces & Flails skill increases to level 5!
You sock the kobold zombie!
You destroy the kobold zombie!
Trog accepts your kill. The mummy hits you.
You hit the mummy.
The mummy convulses.
The mummy is lightly damaged.
The mummy hits you!
You are too injured to fight recklessly!
You are too injured to fight recklessly!
You are too injured to fight recklessly!
You hit the mummy.
The mummy convulses.
The mummy is moderately damaged.
You barely miss the mummy.
The mummy is moderately damaged.
The mummy hits you but does no damage.
You completely miss the mummy.
The mummy is moderately damaged.
The mummy hits you!
* * * LOW HITPOINT WARNING * * *
A red film seems to cover your vision as you go berserk!
You feel yourself moving faster!
You feel mighty!
You feel a strong urge to attack something.
The mummy hits you.
You die...

.....##....##...
................
..............
............
#........#
#......# #....#
#M...# #@...#
#....# #....#
#....# #....#
#....# #.∩∩.#
######


You could see a mummy.

Vanquished Creatures
  A hornet (D:5)
  A black bear (D:5)
  An ogre (D:5)
  A hound (D:5)
  An orc priest (D:5)
  A gnoll shaman (D:5)
  An orc wizard (D:5)
  3 mummies (Ossuary)
  4 adders
  5 gnolls
  2 worms
  2 dart slugs (D:1)
  8 orcs
  5 ball pythons
  2 endoplasms (D:1)
  2 giant cockroaches (D:2)
  4 goblins
  5 hobgoblins
  2 quokkas (D:1)
  7 bats
  3 frilled lizards
  2 gnoll zombies (Ossuary)
  4 kobolds
  2 kobold zombies (Ossuary)
  4 orc zombies (Ossuary)
  6 rats
79 creatures vanquished.

Vanquished Creatures (others)
  2 plants (D:2)
2 creatures vanquished.

Grand Total: 81 creatures vanquished

Notes
Turn   | Place    | Note
-------+----------+-------------------------------------------
     0 | D:1      | Borgoz the Gargoyle Berserker began the quest for the Orb.
     0 | D:1      | Reached XP level 1. HP: 14/14 MP: 1/1
   234 | D:1      | Reached XP level 2. HP: 19/19 MP: 2/2
   659 | D:1      | Reached XP level 3. HP: 23/24 MP: 3/3
  1032 | D:2      | Reached ** piety under Trog
  1084 | D:2      | Found an iron altar of Okawaru.
  1100 | D:2      | Reached XP level 4. HP: 12/29 MP: 2/4
  1345 | D:2      | Found a faded altar of an unknown god.
  2113 | D:3      | You fall into a shaft and drop 3 floors!
  2119 | D:5      | Entered Level 5 of the Dungeon
  2128 | D:5      | Noticed an ogre
  2134 | D:5      | Killed an ogre
  2135 | D:5      | Reached XP level 5. HP: 30/34 MP: 5/5
  2177 | D:5      | Identified the ring of Yesterday {+Blink rN+ Int+4 Dex-2}
  2202 | D:5      | Reached XP level 6. HP: 39/39 MP: 6/6
  2234 | D:5      | Noticed a black bear
  2242 | D:5      | Killed a black bear
  2287 | D:5      | Noticed a hornet
  2306 | D:5      | Killed a hornet
  2307 | D:5      | Reached skill level 5 in Fighting
  2307 | D:5      | Reached XP level 7. HP: 15/44 MP: 7/7
  2350 | D:5      | Found a sand-covered staircase.
  2355 | Ossuary  | Entered an ossuary
  2394 | Ossuary  | Reached *** piety under Trog
  2525 | Ossuary  | Reached skill level 5 in Maces & Flails
  2534 | Ossuary  | Slain by a mummy

Illustrated notes

Levels and vault maps discovered:
D:1:      mrwooster_arrival_statue_2, layout_basic
D:2:      layout_rooms, hellmonk_ecumenical_altar_crossroads, serial_forest,
          infiniplex_forest_lined_room_2, infiniplex_forest_split,
          infiniplex_forest_clump_cross, infiniplex_forest_clump_large,
          infiniplex_forest_end_1, infiniplex_forest_diagonal,
          infiniplex_forest_clump_double, infiniplex_forest_lined_2, basic_altar
D:3:      layout_basic, serial_shops, shop, uniq_ijyb, uniq_robin,
          uniq_crazy_yiuf_cottage
D:5:      layout_cave_pools, enter_ossuary_5, hangedman_abyss_or_decor_stagger
D:6:      layout_rooms, mainiacjoe_overflow_six_doors_small
Ossuary:  ossuary_tomb_3

Skill      XL: |  1  2  3  4  5  6  7 |
---------------+----------------------+-----
Dodging        | 2 3 |  3.6
Armour         | 3 4 |  4.8
Fighting       | 4 5 |  5.5
Maces & Flails | 4 5 |  5.0

Action                   |  1- 3 |  4- 6 |  7- 9 || total
-------------------------+-------+-------+-------++-------
Melee: Mace              |   112 |    65 |       ||   177
       Flail             |       |    34 |    35 ||    69
Invok: Berserk           |     3 |     5 |     2 ||    10
       Trog's Hand       |       |     2 |     2 ||     4
Evoke: Wand              |       |     3 |     2 ||     5
  Use: Scroll            |       |     5 |       ||     5
 Stab: Sleeping          |       |     2 |       ||     2
Armor: Animal skin       |    47 |    22 |       ||    69
       Leather armour    |       |    14 |    13 ||    27
Dodge: Dodged            |    79 |    58 |    12 ||   149
